 Dungeon Crawl Stone Soup version 0.21.1-1-g345015f (webtiles) character file.

42 inc the Chopper (level 3, 0/29 HPs)
             Began as a Demonspawn Monk on June 14, 2018.
             Was a Believer of Uskayaw.
             Slain by an orc wizard
             ... wielding a +0 dagger
              (1 damage)
             ... on level 3 of the Dungeon.
             The game lasted 00:02:04 (1237 turns).

inc the Chopper (Demonspawn Monk)                   Turns: 1237, Time: 00:02:05

Health: 0/29       AC:  2    Str: 16 (17) XL:     3   Next: 33%
Magic:  3/3        EV: 17    Int: 10 (11) God:    Uskayaw [**....]
Gold:   101        SH:  4    Dex: 17 (20) Spells: 2/2 levels left

rFire    . . .     SeeInvis .   a - +0 hand axe
rCold    . . .     Gourm    .   h - +0 buckler
rNeg     . . .     Faith    .   b - +0 robe
rPois    .         Spirit   .   (no helmet)
rElec    .         Reflect  .   (no cloak)
rCorr    .         Harm     .   (no gloves)
MR       .....                  (no boots)
Stlth    +++.......             (no amulet)
HPRegen  0.09/turn              (no ring)
MPRegen  0.08/turn              (no ring)

@: mighty, agile
A: spiny 1
a: Stomp, Line Pass, Renounce Religion


You were on level 3 of the Dungeon.
You worshipped Uskayaw.
Uskayaw was noncommittal.
You were very hungry.

You visited 1 branch of the dungeon, and saw 3 of its levels.

You collected 101 gold pieces.

Inventory:

Hand Weapons
 a - a +0 hand axe (weapon)
Armour
 b - a +0 robe (worn)
 h - a +0 buckler (worn)
Jewellery
 k - a cursed ring of loudness {unknown}
Scrolls
 i - a scroll of immolation {unknown}
 j - a scroll of identify {unknown}
 m - a scroll of teleportation {unknown}
 n - a scroll of amnesia {unknown}
Potions
 d - a potion of agility
 f - a potion of resistance {unknown}
 l - a potion of heal wounds {unknown}
Comestibles
 c - 3 rations


   Skills:
 - Level 3.0 Fighting
 + Level 3.8 Axes
 - Level 2.6 Dodging
 - Level 1.7 Stealth
 + Level 1.1 Shields


You had 2 spell levels left.
You didn't know any spells.

Dungeon Overview and Level Annotations

Branches:
Dungeon (3/15)

Altars:
Ashenzari
Nemelex Xobeh
Uskayaw
Vehumet
The Shining One


Innate Abilities, Weirdness & Mutations

You are partially covered in sharp spines.


Message History

Something hits you.
* * * LOW HITPOINT WARNING * * *
The orc wizard hits you with a dagger.
* * * LOW HITPOINT WARNING * * *
Okay, then.
You closely miss the orc wizard.
The orc wizard is lightly wounded.
You closely miss something.
The orc wizard is struck by your spines.
The orc wizard hits you with a dagger.
* * * LOW HITPOINT WARNING * * *
You hear some strange, mumbled words.
Something tries to affect you, but you resist.
You barely miss the orc wizard.
The orc wizard is moderately wounded.
You barely miss something. Something hits you but does no damage.
The orc wizard hits you but does no damage.
The orc wizard is struck by your spines.
The orc wizard barely misses you. Something hits you.
You die...

.. . #######.
#.......
.#.#.!..#
........+
#...K# #...o#
####@#
...............
##.####.#####..
#.# #.# #.# #.#
#.#


You could see an orc wizard and a kobold.

Vanquished Creatures
  An ooze (D:2)
  4 dart slugs
  2 leopard geckos (D:1)
  An orc (D:3)
  3 giant cockroaches
  3 goblins
  A hobgoblin (D:2)
  3 kobolds
  2 bats
  A frilled lizard (D:1)
  5 rats
26 creatures vanquished.

Notes
Turn   | Place    | Note
-------+----------+-------------------------------------------
     0 | D:1      | inc the Demonspawn Monk began the quest for the Orb.
     0 | D:1      | Reached XP level 1. HP: 18/18 MP: 1/1
     3 | D:1      | Found a sparkling altar of Nemelex Xobeh.
   147 | D:1      | Gained mutation: You are partially covered in sharp spines. [demonic ancestry]
   147 | D:1      | Reached XP level 2. HP: 24/24 MP: 2/2
   579 | D:2      | Found a radiant altar of Vehumet.
   579 | D:2      | Found a faded altar of an unknown god.
   584 | D:2      | Found a faded altar of an unknown god.
   586 | D:2      | Found a glowing golden altar of the Shining One.
   587 | D:2      | Found a shattered altar of Ashenzari.
   616 | D:2      | Became a worshipper of Uskayaw the Reveler
   616 | D:2      | Reached * piety under Uskayaw
   616 | D:2      | Reached ** piety under Uskayaw
   863 | D:2      | Reached XP level 3. HP: 28/29 MP: 3/3
   966 | D:2      | Reached skill level 1 in Shields
  1236 | D:3      | HP: 1/29 [orc wizard/dagger (1)]
  1237 | D:3      | Slain by an orc wizard

Skill      XL: |  1  2  3 |
---------------+----------+-----
Axes           | 3 |  3.8
Shields        | 1 |  1.1
Fighting       | |  3.0
Dodging        | |  2.6
Stealth        | |  1.7

Action                   || total
-------------------------++-------
Melee: Hand axe          ||    72
  Use: Potion            ||     3
 Stab: Sleeping          ||     7
Armor: Robe              ||     4
Dodge: Dodged            ||    51
Block: Buckler           ||     3
